 Dungeon Crawl Stone Soup version 0.17.1-3-g152610e (webtiles) character file.

40 qmppu842 the Grave Robber (level 3, 0/26 HPs)
             Began as a Ghoul Necromancer on Feb 22, 2016.
             Slain by an adder (1 damage)
             ... on level 2 of the Dungeon.
             The game lasted 00:19:40 (1146 turns).

qmppu842 the Grave Robber (Ghoul Necromancer)       Turns: 1146, Time: 00:19:40

Health: 0/26       AC:  2    Str: 11    XL:     3   Next: 50%
Magic:  4/14       EV:  7    Int: 11    God:
Gold:   57         SH:  0    Dex:  9    Spells: 2 memorised, 4 levels left

rFire  + . .     SeeInvis .     e - 3 needles (poison)
rCold  . . .     Clarity  .     a - +0 robe
rNeg   + + +     SustAt   .     (no shield)
rPois  ∞         Gourm    .     (no helmet)
rElec  .         Spirit   .     (no cloak)
rCorr  .         Warding  .     (no gloves)
rMut   .         Stasis   .     (no boots)
MR     .....                    (no amulet)
Stlth  ++........               g - ring of fire
                                d - ring of magical power

@: rotting, not resistant to hostile enchantments, unstealthy
A: rotting body, claws 1, carnivore 3, cold resistance 1, negative energy
resistance 3, slow regeneration 1, torment resistance, unbreathing
a: no special abilities


You were on level 2 of the Dungeon.
You were not hungry.

You visited 1 branch of the dungeon, and saw 2 of its levels.

You collected 57 gold pieces.

Inventory:

Hand Weapons
 c - a +0 club
 f - a cursed -3 club
 i - a cursed +0 club
 j - a +0 club
 k - a +0 short sword
 n - a +0 short sword
 o - a +0 short sword
 q - a cursed +0 club
 r - a +0 club
 v - a +0 short sword
Missiles
 e - 3 poisoned needles (in claw)
 l - 33 stones (quivered)
Armour
 a - a +0 robe (worn)
 t - a +0 cloak
Jewellery
 d - a ring of magical power (left claw)
 g - a ring of fire (right claw)
 s - an uncursed ring of positive energy {unknown}
Scrolls
 h - a scroll of teleportation {unknown}
 p - a scroll of enchant armour {unknown}
Books
 b - a book of Necromancy

   Spells                             Type                      Level
   a - Pain                           Necromancy                   1
   b - Animate Skeleton               Necromancy                   1
   c - Vampiric Draining              Necromancy                   3
   d - Regeneration                   Charms/Necromancy            3
   e - Animate Dead                   Necromancy                   4
   f - Control Undead                 Necromancy                   4
Comestibles
 u - a meat ration


   Skills:
 + Level 1.7 Dodging
 + Level 2.3 Stealth
 + Level 2.4 Spellcasting
 + Level 4.6 Necromancy


You had 4 spell levels left.
You knew the following spells:

 Your Spells              Type           Power        Failure   Level  Hunger
a - Pain                  Necr           ##..         4%          1    ##.....
b - Animate Skeleton      Necr           N/A          4%          1    ##.....


Dungeon Overview and Level Annotations

Branches:
Dungeon (2/15)

Altars:


Innate Abilities, Weirdness & Mutations

Your body is rotting away.
You thrive on raw meat.
You are immune to poison.
You have sharp fingernails.
You are carnivorous and can eat meat at any time.
Your flesh is cold resistant.
You are immune to negative energy.
You regenerate slowly when monsters are visible.
You are immune to unholy pain and torment.
You can survive without breathing.


Message History

Confirm with . or Enter, or press ? or * to list all spells.
Aiming: Pain
Press: ? - help, Shift-Dir - straight line, f/p - adder
Aim: an adder (chance to defeat MR: 73%)
The adder struggles to resist.
The adder bites you.
* * * LOW HITPOINT WARNING * * *
The adder bites you.
* * * LOW HITPOINT WARNING * * *
The adder bites you but does no damage.
That beef jerky was delicious!
The adder closely misses you. The adder barely misses you.
There is an open door here.
The adder barely misses you. The adder barely misses you. The adder bites you.
* * * LOW HITPOINT WARNING * * *
There is a stone staircase leading up here.
The adder bites you.
You die...

#.. # #.# ..
######.# #.#
#....#.## #.#
#.##.#..###
###.###.##.#....#
#.......##......#
#.##.#######....#
#.##.@# #.....#
#....S#####.##'##
#####........#..#
#####....##.##
#....##..#
#....###.# ######
#.# #.# #.#


You could see an adder.

Vanquished Creatures
  An adder (D:2)
  An ooze (D:1)
  3 giant geckos
  A giant cockroach (D:1)
  6 hobgoblins
  3 kobolds
  3 bats (D:1)
  2 giant newts (D:1)
  2 goblins (D:1)
  5 rats
27 creatures vanquished.

Notes
Turn   | Place    | Note
--------------------------------------------------------------
     0 | D:1      | qmppu842 the Ghoul Necromancer began the quest for the Orb.
     0 | D:1      | Reached XP level 1. HP: 14/14 MP: 2/2
   118 | D:1      | Learned a level 1 spell: Animate Skeleton
   293 | D:1      | Reached XP level 2. HP: 20/20 MP: 3/3
   666 | D:1      | Reached XP level 3. HP: 25/25 MP: 5/5
  1142 | D:2      | HP: 1/26 [adder (4)]
  1146 | D:2      | Slain by an adder

Action                   || total
-------------------------++-------
Melee: Unarmed           ||     1
 Cast: Pain              ||    68
       Animate Skeleton  ||     1
  Use: Potion            ||     1
  Eat: Meat ration       ||     1
       Beef jerky        ||     1
